 Dungeon Crawl Stone Soup version 0.29.1-1-gd02db6906a (webtiles) character file.

Game seed: 4182555719580087751

1 xian the Grasshopper (level 1, 0/16 HPs)
             Began as a Demonspawn Warper on Oct 14, 2022.
             Slain by a kobold
             ... wielding a +0 dagger
              (1 damage)
             ... on level 1 of the Dungeon.
             The game lasted 00:00:07 (35 turns).

xian the Grasshopper (Demonspawn Warper)              Turns: 35, Time: 00:00:07

Health: 0/16       AC:  3    Str: 11    XL:     1   Next: 16%
Magic:  3/3        EV: 11    Int: 14    God:
Gold:   0          SH:  0    Dex: 12    Spells: 4/4 levels left

rFire   . . .      SeeInvis .   a - +0 hand axe
rCold   . . .      Faith    .   (no shield)
rNeg    . . .      Spirit   .   b - +0 leather armour
rPois   .          Reflect  .   (no helmet)
rElec   .          Harm     .   (no cloak)
rCorr   .          Rampage  .   (no gloves)
Will    .....                   (no boots)
Stlth   +.........              (no amulet)
HPRegen 0.05/turn               (no ring)
MPRegen 0.08/turn               (no ring)

@: no status effects
A: no striking features
a: no special abilities


You were on level 1 of the Dungeon.
You visited 1 branch of the dungeon, and saw 1 of its levels.

Inventory:

Hand Weapons
 a - a +0 hand axe (weapon)
Missiles
 d - 7 boomerangs of dispersal (quivered)
Armour
 b - a +0 leather armour (worn)
Scrolls
 c - a scroll of blinking


   Skills:
 + Level 2.0 Fighting
 + Level 1.7 Axes
 + Level 0.8 Throwing
 + Level 0.8 Armour
 + Level 1.7 Dodging
 + Level 2.0 Spellcasting
 + Level 2.8 Translocations


You had 4 spell levels left.
You didn't know any spells.
Your spell library contained the following spells:

 Spells                   Type           Power      Damage    Failure   Level
 Blink                    Tloc           18%        N/A       16%         2
 Gell's Gravitas          Tloc           9%         N/A       30%         3
 Lesser Beckoning         Tloc           9%         N/A       30%         3
 Teleport Other           Tloc           9%         N/A       30%         3
 Manifold Assault         Tloc           9%         N/A       95%         5


Dungeon Overview and Level Annotations

Branches:
Dungeon (1/15)

Altars:


Message History

Ran out of altars for temple! x2
Welcome, xian the Demonspawn Warper.
Are you destined to find the transcendent Orb of Zot, or to die trying?
Press ? for a list of commands and other information.
Found a staircase leading out of the dungeon.
A quokka comes into view.
You barely miss the quokka. The quokka barely misses you.
You hit the quokka.
You kill the quokka!
There is a fountain of clear blue water here.
Found a stone staircase leading down.
A quokka comes into view.
A kobold comes into view. It is wielding a +0 dagger.
The kobold shouts!
You miss the quokka. The quokka closely misses you.
The quokka completely misses you.
You barely miss the quokka.
The quokka bites you but does no damage.
You closely miss the quokka. The quokka bites you.
The kobold throws a stone.
The stone closely misses you. The quokka completely misses you.
You hit the quokka but do no damage. The quokka barely misses you.
You closely miss the quokka. You barely miss the kobold. The quokka bites you.
The kobold hits you with a +0 dagger. The quokka closely misses you.
You closely miss the quokka. You hit the kobold but do no damage.
The kobold misses you. The quokka barely misses you.
You closely miss the quokka. You hit the kobold but do no damage.
The quokka bites you but does no damage.
The kobold hits you but does no damage. The quokka bites you.
You barely miss the quokka. You closely miss the kobold.
The kobold hits you with a +0 dagger.
* * * LOW HITPOINT WARNING * * *
The quokka closely misses you. The kobold misses you.
You miss the quokka. You hit the kobold. The quokka bites you.
* * * LOW HITPOINT WARNING * * *
The kobold hits you with a +0 dagger.
You die...

#.........######.#
.......⌠..# .#
..........## .#
......⌠.⌠..## .# .
............####.####..
....⌠.⌠.⌠...##........
.............#........
...#######..##.K......
.. #....@r..#
#........# #........#
#...........#
#.######.>..# #+ ....#
....# ....#


You could see a quokka and a kobold.

Vanquished Creatures
  A quokka (D:1)
1 creature vanquished.

Notes
Turn   | Place    | Note
-------+----------+-------------------------------------------
     0 | D:1      | xian the Demonspawn Warper began the quest for the Orb.
     0 | D:1      | Reached XP level 1. HP: 16/16 MP: 3/3
    35 | D:1      | Slain by a kobold

Illustrated notes

Levels and vault maps discovered:
D:1:      eino_arrival_cavern_a, layout_basic

Action                   || total
-------------------------++-------
Melee: Hand axe          ||    11
Armor: Leather armour    ||     3
Dodge: Dodged            ||    11
